 Dungeon Crawl Stone Soup version 0.27-a0-148-g9515ab555c (webtiles) character file.

Game seed: 8056891522723444472

577 knot the Chopper (level 7, 63/78 HPs)
             Began as a Demonspawn Berserker on Jan 26, 2021.
             Was a Believer of Trog.
             Quit the game on level 4 of the Dungeon.
             The game lasted 00:03:26 (5664 turns).

knot the Chopper (Demonspawn Berserker)             Turns: 5664, Time: 00:03:27

Health: 63/78      AC:  2    Str: 18    XL:     7   Next: 13%
Magic:  7/7        EV: 14    Int: 10    God:    Trog [**....]
Gold:   234        SH:  0    Dex: 12    Spells: 6/6 levels left

rFire    . . .     SeeInvis .   a - +0 hand axe
rCold    . . .     Faith    .   (no shield)
rNeg     . . .     Spirit   .   b - +0 animal skin
rPois    .         Reflect  .   (no helmet)
rElec    .         Harm     .   (no cloak)
rCorr    .         Rampage  .   (no gloves)
Will     .....                  (no boots)
Stlth    ..........             (no amulet)
HPRegen  0.23/turn              (no ring)
MPRegen  0.10/turn              (no ring)

@: berserking, very quick
A: repulsion field 1, demonic magic 2
a: Renounce Religion, Berserk, Trog's Hand


You were on level 4 of the Dungeon.
You worshipped Trog.
Trog was pleased with you.
You visited 1 branch of the dungeon, and saw 4 of its levels.

You collected 234 gold pieces.

Inventory:

Hand Weapons
 a - a +0 hand axe (weapon)
Missiles
 g - 125 stones
 i - 7 javelins
 k - 17 poisoned darts (quivered)
Armour
 b - a +0 animal skin (worn)
Wands
 n - a wand of flame (18)
Scrolls
 c - a scroll of random uselessness {unknown}
 e - 4 scrolls of fear {unknown}
 f - a scroll of fog {unknown}
 h - a scroll of teleportation {unknown}
 j - 5 scrolls of identify {unknown}
 m - 2 scrolls of amnesia {unknown}
 o - 2 scrolls of remove curse {unknown}
 q - 2 scrolls of enchant weapon {unknown}
 s - 2 scrolls of blinking {unknown}
 t - 3 scrolls of enchant armour {unknown}
Potions
 d - a potion of brilliance
 l - a potion of berserk rage
 p - 2 potions of lignification
 r - a potion of attraction {unknown}
 u - a potion of resistance {unknown}
 v - a potion of flight


   Skills:
 - Level 3.0 Fighting
 + Level 7.5 Axes
 - Level 1.7 Armour
 - Level 1.7 Dodging


You had 6 spell levels left.
You didn't know any spells.
Your spell library was empty.

Dungeon Overview and Level Annotations

Branches:
Dungeon (4/15)
 Temple: D:4-7

Altars:
Okawaru


Innate Abilities, Weirdness & Mutations

You are surrounded by a mild repulsion field. (EV +2)
Spells you cast may paralyse nearby enemies.


Message History

Aim: an ogre, wielding a +0 giant spiked club (lightly wounded, very poisoned, 73% to hit)
You throw a poisoned dart. The poisoned dart hits the ogre.
The ogre looks even sicker.
The ogre is lightly wounded.
A red film seems to cover your vision as you go berserk!
You feel yourself moving faster!
You feel mighty!
You slash the ogre!
The ogre is moderately wounded.
You slash the ogre!
The ogre is severely wounded.
The ogre hits you with a +0 giant spiked club!
You slash the ogre!
You kill the ogre!
Trog accepts your kill.
You have reached level 7!
Your demonic ancestry asserts itself...
Your magic grows more menacing.
Unknown command.
Unknown command.
Are you sure you want to abandon this character and quit the game? (Confirm with "yes".)

..#.###.......## ##.
##.# #.###. #.#.#
##.....## # #.# #.#
#. #.#.# ##...## ...
#.# #. ....######'##
#.# #.# #.
#.#........# #.# #.#
## #.#.#####..# ..#
#.####
#.#.#####..#######
### #.....
#.#.##...........#
######
#.#.##.#.....###@#
#.#.##.##...###.).#
#.#.##.##..###.....#
#..........#
#..(....
##########.#
#..(..### #.#
##.(.## #.# #####
#### #... #.##


There were no monsters in sight!

Vanquished Creatures
  Grinder (D:3)
  An ogre (D:4)
  An orc priest (D:3)
  A bullfrog skeleton (D:3)
  A hound (D:3)
  2 orc wizards (D:3)
  A worker ant (D:2)
  3 gnolls (D:2)
  3 adders
  An ooze (D:1)
  A leopard gecko (D:3)
  8 orcs (D:3)
  3 bats
  6 giant cockroaches
  7 goblins
  8 hobgoblins
  2 jackals (D:2)
  2 frilled lizards (D:2)
  6 kobolds
  5 rats
63 creatures vanquished.

Vanquished Creatures (others)
  A giant cockroach (D:1)
1 creature vanquished.

Grand Total: 64 creatures vanquished

Notes
Turn   | Place    | Note
-------+----------+-------------------------------------------
     0 | D:1      | knot the Demonspawn Berserker began the quest for the Orb.
     0 | D:1      | Reached XP level 1. HP: 18/18 MP: 1/1
   256 | D:1      | Reached skill level 3 in Axes
   591 | D:1      | Gained mutation: Spells you cast may paralyse adjacent
                  | enemies. [demonic ancestry]
   591 | D:1      | Reached XP level 2. HP: 24/24 MP: 2/2
  1571 | D:2      | Reached XP level 3. HP: 15/29 MP: 3/3
  2209 | D:2      | Found an iron altar of Okawaru.
  2217 | D:2      | Reached skill level 4 in Axes
  2640 | D:2      | Reached XP level 4. HP: 15/35 MP: 4/4
  3446 | D:3      | Reached skill level 5 in Axes
  3446 | D:3      | Gained mutation: You are surrounded by a mild repulsion
                  | field. (EV +2) [demonic ancestry]
  3446 | D:3      | Reached XP level 5. HP: 21/41 MP: 5/5
  3758 | D:3      | HP: 1/41 [orc wizard/+0 dagger (6)]
  4103 | D:3      | Reached ** piety under Trog
  4378 | D:3      | Reached skill level 6 in Axes
  4382 | D:3      | Reached XP level 6. HP: 27/47 MP: 6/6
  4819 | D:3      | Noticed Grinder
  4820 | D:3      | Paralysed by Grinder for 2 turns
  4834 | D:3      | Killed Grinder
  4835 | D:3      | Reached skill level 7 in Axes
  5664 | D:4      | Gained mutation: Spells you cast may paralyse nearby
                  | enemies. [demonic ancestry]
  5664 | D:4      | Reached XP level 7. HP: 52/52 MP: 7/7
  5664 | D:4      | Quit the game

Illustrated notes

Levels and vault maps discovered:
D:1:      lemuel_arrival_funnel, layout_loops_corners, lemuel_flame_loot_1
D:2:      layout_loops_ring, corexii_leaking_fountain, okawaru_ov_weapons_minmay
D:3:      layout_loops_ring, uniq_grinder
D:4:      layout_loops_corners

Skill      XL: |  1  2  3  4  5  6 |
---------------+-------------------+-----
Axes           | 3 4 5 6 7 |  7.5
Fighting       | |  3.0
Armour         | |  1.7
Dodging        | |  1.7

Action                   |  1- 3 |  4- 6 |  7- 9 || total
-------------------------+-------+-------+-------++-------
Melee: Hand axe          |    88 |   126 |       ||   214
Throw: Dart              |       |     4 |       ||     4
Invok: Berserk           |     3 |     8 |       ||    11
       Trog's Hand       |       |     1 |       ||     1
  Use: Potion            |       |     8 |       ||     8
 Stab: Sleeping          |     1 |     1 |       ||     2
Armor: Animal skin       |    13 |    18 |       ||    31
       Skin              |       |    11 |       ||    11
Dodge: Dodged            |    54 |    65 |       ||   119

Table legend: (Time is in decaauts)
 A = Elapsed time spent in this place.
 B = Non-inter-level travel time spent in this place.
 C = Inter-level travel time spent in this place.
 D = Time resting spent in this place.
 E = Time spent auto-exploring this place.
 F = Levels seen in this place.
 G = Mean time per level.
                   A        B        C        D        E       F      G
               +--------+--------+--------+--------+--------+-----+--------+
         Total |   5750 |   5627 |    123 |   2590 |   2615 |   4 | 1437.5 |
       Dungeon |   5750 |   5627 |    123 |   2590 |   2615 |   4 | 1437.5 |
               +--------+--------+--------+--------+--------+-----+--------+

Top non-repeatable levels by time:
     D:2: 2336 daAuts
     D:3: 1822 daAuts
     D:1: 1069 daAuts
     D:4: 522 daAuts
